 Dungeon Crawl Stone Soup version 0.31-a0-232-gb1c03b2570 (webtiles) character file.

Game seed: 4592616213071354327

389 Cidec the Chopper (level 6, -7/44 HPs)
             Began as a Demonspawn Gladiator on July 7, 2023.
             Was a Follower of Qazlal.
             Mangled by an ogre
             ... wielding a +0 giant club
              (14 damage)
             ... on level 4 of the Dungeon.
             The game lasted 00:10:19 (2725 turns).

Cidec the Chopper (Demonspawn Gladiator)            Turns: 2725, Time: 00:10:20

Health: -7/44      AC: 18    Str: 16 (17) XL:     6   Next: 49%
Magic:  6/6        EV:  7    Int:  8 (9)  God:    Qazlal [*.....]
Gold:   170        SH:  2    Dex: 12 (14) Spells: 5/5 levels left

rFire   . . .        a - +0 war axe
rCold   . . .        (no shield)
rNeg    . . .        o - +0 chain mail
rPois   .            c - +0 helmet
rElec   .            g - scarf {repulsion}
rCorr   .            (no gloves)
SInv    .            (no boots)
Will    .....        j - amulet of regeneration Stlth
                     (no ring)
HPRegen 1.07/turn    (no ring)
MPRegen 0.10/turn

%: repel missiles
@: sanguine armoured
A: foul stench 1, sanguine armour 2
a: Renounce Religion


You were on level 4 of the Dungeon.
You worshipped Qazlal.
Qazlal was aware of your devotion.
You visited 1 branch of the dungeon, and saw 5 of its levels.

You collected 170 gold pieces.

Inventory:

Hand Weapons
 a - a +0 war axe (weapon)
Missiles
 d - 3 throwing nets (quivered)
 e - 3 javelins
Armour
 b - a +0 leather armour
 c - a +0 helmet (worn)
 g - a scarf of repulsion (worn)
 o - a +0 chain mail (worn)
Jewellery
 j - an amulet of regeneration (around neck)
 s - a +5 ring of evasion
 t - a +5 ring of evasion
Scrolls
 f - a scroll of butterflies {unknown}
 l - a scroll of fear {unknown}
 m - 3 scrolls of teleportation
 n - a scroll of enchant armour {unknown}
 r - 2 scrolls of acquirement {unknown}
 u - a scroll of identify
 v - a scroll of noise {unknown}
Potions
 h - a potion of haste
 i - a potion of degeneration
 k - a potion of curing
 p - a potion of mutation
 q - a potion of invisibility {unknown}


   Skills:
 - Level 2.0 Fighting
 + Level 6.8 Axes
 - Level 1.7 Throwing
 - Level 2.6 Dodging


You had 5 spell levels left.
You didn't know any spells.
Your spell library contained the following spells:

 Spells                   Type           Power      Damage    Failure   Level
 Apportation              Tloc           0%         N/A       99%         1
 Necrotise                Necr           0%         1d4       99%         1
 Slow                     Hex            0%         N/A       99%         1
 Summon Small Mammal      Summ           0%         N/A       99%         1
 Confusing Touch          Hex            0%         N/A       100%        3
 Inner Flame              Hex/Fire       0%         N/A       100%        3
 Vampiric Draining        Necr           0%         2d6       100%        3
 Flame Wave               Conj/Fire      0%         2d4       100%        4
 Sticky Flame             Conj/Fire      0%         2d3       100%        4


Dungeon Overview and Level Annotations

Branches:
Dungeon (5/15)
 Temple: D:4-7

Altars:
Kikubaaqudgha
Qazlal

Shops:
D:1 :


Innate Abilities, Weirdness & Mutations

You may rarely emit foul miasma when damaged in melee.
When seriously injured, your blood forms thick armour. (AC +9)


Message History

You start resting.
HP restored.
You climb upwards.
The ogre hits you with a +0 giant club! The orc barely misses you.
There is a stone staircase leading down, spattered with blood here.
You hit the ogre.
The ogre is lightly wounded.
You slash the orc!
You kill the orc!
Qazlal accepts your kill. The ogre closely misses you.
You hit the ogre.
The ogre is moderately wounded.
The ogre hits you with a +0 giant club!!
Your blood congeals into armour.
You emit a cloud of foul miasma!
You are too injured to fight recklessly!
You are too injured to fight recklessly!
You are too injured to fight recklessly!
You are too injured to fight recklessly!
You are too injured to fight recklessly!
You are too injured to fight recklessly!
You are too injured to fight recklessly!
You are too injured to fight recklessly!
You are too injured to fight recklessly!
You are too injured to fight recklessly!
You are too injured to fight recklessly!
You are too injured to fight recklessly!
You hit the ogre.
The ogre is heavily wounded.
The ogre is engulfed in dark miasma.
The ogre is poisoned.
The ogre seems to slow down.
The ogre hits you with a +0 giant club!
* * * LOW HITPOINT WARNING * * *
You hit the ogre.
The ogre is heavily wounded.
The ogre is no longer moving slowly.
You hit the ogre.
The ogre is heavily wounded.
The ogre is engulfed in dark miasma.
The ogre looks even sicker.
The ogre hits you with a +0 giant club!
You die...

.....>.....#[...........
.>.........#..#....#..##..
......##...#..####.#......
.#....##...##.#.#........
.##.........#......#...# .
#........)......##...#..
.......##.......##.....#
#.##.....))....)..[.....#
##.........O@).).#
#..............###
#..#...........#
..##.......?....# .
#......#..$..#
#...##.#......# #..#
........... #.!
#..#........ .. ... .....


You could see an ogre (very poisoned).

Vanquished Creatures
  A scorpion (D:3)
  2 orc priests (D:3)
  2 iguanas (D:3)
  Natasha (thrice) (D:2)
  An orc wizard (D:4)
  2 adders
  2 worms
  A dart slug (D:1)
  13 orcs
  9 endoplasms
  A giant cockroach (D:3)
  10 goblins
  3 hobgoblins
  6 jackals (D:1)
  5 quokkas
  10 ball pythons
  3 bats
  2 frilled lizards
  6 kobolds
  6 rats
88 creatures vanquished.

Notes
Turn   | Place    | Note
-------+----------+-------------------------------------------
     0 | D:1      | Cidec the Demonspawn Gladiator began the quest for the Orb.
     0 | D:1      | Reached XP level 1. HP: 16/16 MP: 1/1
    51 | D:1      | Reached skill level 3 in Axes
   139 | D:1      | Found Vifuim's Vocational Training.
   150 | D:1      | Gained mutation: When seriously injured, your blood forms
                  | armour. (AC +9) [demonic ancestry]
   150 | D:1      | Reached XP level 2. HP: 22/22 MP: 2/2
   466 | D:1      | Gained mutation: You may rarely emit foul miasma when
                  | damaged in melee. [demonic ancestry]
   466 | D:1      | Reached XP level 3. HP: 26/27 MP: 3/3
   627 | D:1      | Reached skill level 4 in Axes
  1091 | D:2      | Found a stormy altar of Qazlal.
  1097 | D:2      | Noticed Natasha
  1101 | D:2      | Became a worshipper of Qazlal Stormbringer
  1112 | D:2      | Killed Natasha
  1113 | D:2      | Reached XP level 4. HP: 17/33 MP: 4/4
  1250 | D:2      | Identified the +7 dagger of Nubecuc {heavy, Int+3 Dex+6
                  | Stlth-}
  1501 | D:2      | Noticed Natasha
  1515 | D:2      | Killed Natasha
  1516 | D:2      | Reached skill level 5 in Axes
  1627 | D:2      | Noticed Natasha
  1632 | D:2      | Killed Natasha
  1766 | D:3      | Reached XP level 5. HP: 33/38 MP: 5/5
  2037 | D:3      | Found a stormy altar of Qazlal.
  2103 | D:3      | Reached skill level 6 in Axes
  2237 | D:3      | Reached * piety under Qazlal
  2571 | D:3      | Gained mutation: When seriously injured, your blood forms
                  | thick armour. (AC +9) [demonic ancestry]
  2571 | D:3      | Reached XP level 6. HP: 44/44 MP: 6/6
  2641 | D:4      | Found an ancient bone altar of Kikubaaqudgha.
  2686 | D:5      | Entered Level 5 of the Dungeon
  2725 | D:4      | Mangled by an ogre

Illustrated notes

Levels and vault maps discovered:
D:1:      minmay_arrival_stair_chambers, layout_basic, nicolae_shop_vocational
D:2:      layout_loops_corners, basic_altar, uniq_natasha
D:3:      layout_basic, mainiacjoe_overflow_24_doors
D:4:      layout_cave_pools, kennysheep_orc_sif_temple, vehumet_crystals,
          kiku_gazebo_garden_becter
D:5:      layout_basic, gammafunk_temple_overflow_wave,
          grunt_temple_overflow_open, minmay_temple_entry_stoned_glass,
          serial_shops, nicolae_book_shop_shelving, nicolae_shop_waterfront,
          minmay_parallelograms, nicolae_twisty_statue_hallways

Skill      XL: |  1  2  3  4  5 |
---------------+----------------+-----
Axes           | 3 4 5 6 |  6.8
Fighting       | |  2.0
Throwing       | |  1.7
Dodging        | |  2.6

Action                     |  1- 3 |  4- 6 || total
---------------------------+-------+-------++-------
  Melee: War axe           |   105 |   134 ||   239
         Punch             |     2 |     1 ||     3
    Use: Scroll            |     3 |     2 ||     5
         Potion            |     1 |     3 ||     4
 Armour: Leather armour    |    29 |       ||    29
         Chain mail        |    18 |    83 ||   101
  Dodge: Dodged            |    72 |    60 ||   132
         Repelled          |       |     2 ||     2
  Block: Other             |       |     2 ||     2

Table legend: (Time is in decaauts)
 A = Elapsed time spent in this place.
 B = Non-inter-level travel time spent in this place.
 C = Inter-level travel time spent in this place.
 D = Time resting spent in this place.
 E = Time spent auto-exploring this place.
 F = Levels seen in this place.
 G = Mean time per level.
                   A        B        C        D        E       F      G
               +--------+--------+--------+--------+--------+-----+--------+
         Total |   2806 |   2723 |     83 |    452 |   1576 |   5 |  561.2 |
       Dungeon |   2806 |   2723 |     83 |    452 |   1576 |   5 |  561.2 |
               +--------+--------+--------+--------+--------+-----+--------+

Top non-repeatable levels by time:
     D:2: 1122 daAuts
     D:3: 870 daAuts
     D:1: 694 daAuts
     D:4: 85 daAuts
     D:5: 33 daAuts
